 Dungeon Crawl Stone Soup version 0.32-a0-86-g8db1b9f803 (webtiles) character file.

Game seed: 10525363300211167066

39 cforsyth the Magician (level 3, -6/30 HPs)
             Began as a Djinni Warper on Feb 5, 2024.
             Was a Follower of Cheibriados.
             Mangled by Sigmund
             ... wielding a +0 scythe
              (10 damage)
             ... on level 2 of the Dungeon.
             The game lasted 00:03:02 (1099 turns).

cforsyth the Magician (Djinni Warper)               Turns: 1099, Time: 00:03:02

Health: -6/30      AC:  3    Str: 12    XL:     3   Next: 67%
Gold:   72         EV: 12    Int: 18    God:    Cheibriados [*.....] SH:  0 Dex: 14

rFire   + + .        a - +0 falchion
rCold   x . .        (no shield)
rNeg    . . .        b - +0 leather armour
rPois   ∞            (no helmet)
rElec   .            (no cloak)
rCorr   .            (no gloves)
SInv    .            (boots unavailable)
Will    .....        (no amulet)
Stlth   +            (no ring)
HPRegen 0.25/turn    (no ring)
MPRegen 0.00/turn

%: infuse magic (-7 HP)
@: flying, very slow
A: sickness immunity, fire resistance 2, cold vulnerability 1, float, innate
caster, HP casting, extra vitality 1
a: Renounce Religion, Bend Time


You were on level 2 of the Dungeon.
You worshipped Cheibriados.
Cheibriados was aware of your devotion.
You visited 1 branch of the dungeon, and saw 2 of its levels.

You collected 72 gold pieces.

Inventory:

Hand Weapons
 a - a +0 falchion (weapon)
Missiles
 d - 3 darts of dispersal (quivered)
Armour
 b - a +0 leather armour (worn)
Jewellery
 e - a ring of protection from fire
Scrolls
 c - a scroll of blinking
Potions
 f - a potion of attraction {unknown}
 g - a potion of curing {unknown}
 h - a potion of invisibility {unknown}


   Skills:
 + Level 3.0 Fighting
 - Level 1.7 Long Blades
 - Level 0.7 Throwing
 - Level 1.0 Armour
 - Level 2.1 Dodging
 + Level 3.4 Spellcasting
 + Level 3.4 Conjurations
 + Level 3.4 Hexes
 + Level 3.4 Summonings
 + Level 3.4 Necromancy
 + Level 3.4 Translocations
 + Level 3.4 Fire Magic
 + Level 3.4 Ice Magic
 + Level 3.4 Air Magic
 + Level 3.4 Earth Magic
 + Level 3.4 Alchemy


You knew the following spells:

 Your Spells              Type           Power      Damage    Failure   Level
a - Blink                 Tloc           30%        N/A       8%          2
b - Lesser Beckoning      Tloc           30%        N/A       8%          2
c - Teleport Other        Tloc           15%        N/A       14%         3
d - Manifold Assault      Tloc           15%        N/A       43%         4
e - Vhi's Electric Charg  Tloc/Air       30%        N/A       43%         4
f - Summon Small Mammal   Summ           60%        N/A       4%          1
Your spell library was empty.

Dungeon Overview and Level Annotations

Branches:
Dungeon (2/15)

Altars:
Cheibriados

Annotations:
D:2 Sigmund


Innate Abilities, Weirdness & Mutations

You are immune to sickness and miasma.
You are immune to poison.
Your flesh is very heat resistant. (rF++)
You are vulnerable to cold. (rC-)
You float through the air rather than walking.
You learn spells naturally, not from books.
Your magical power is your life essence.
You have superior vitality. (+4 MHP)


Message History

Casting: Summon Small Mammal (safe; 4% risk of failure)
Confirm with . or Enter, or press ? or * to list all spells.
You aren't experienced enough to cast this spell.
Your bat misses something. x2
You hear some strange, mumbled words.
Your bat resists with significant effort.
Your bat closely misses something.
You swap places.
Your bat barely misses something.
You hear some strange, mumbled words.
A puff of flame appears from out of thin air!
The puff of flame hits you. You resist.
Casting: Summon Small Mammal (safe; 4% risk of failure)
Confirm with . or Enter, or press ? or * to list all spells.
You aren't experienced enough to cast this spell.
Casting: Summon Small Mammal (safe; 4% risk of failure)
Confirm with . or Enter, or press ? or * to list all spells.
Your bat disappears in a puff of smoke!
You hear some strange, mumbled words.
Something tries to affect you, but you resist.
You hit something but do no damage.
Your rat seems less confused.
Your bat hits something but does no damage.
Something hits you!
* * * LOW HITPOINT WARNING * * *
Your rat barely misses something.
You barely miss something.
Your bat completely misses something.
You hear some strange, mumbled words.
A puff of flame appears from out of thin air!
The puff of flame hits you. You resist.
* * * LOW HITPOINT WARNING * * *
Your rat bites something but does no damage.
You closely miss something.
Your bat barely misses something.
Something hits you.
* * * LOW HITPOINT WARNING * * *
Your rat misses something. You miss something.
Your bat closely misses something.
Your rat bites something but does no damage.
Something hits you!
You die...
Cheibriados appreciates the motionlessness of death.

..##.## .{%..# #.####
#.# ######### #.#
#....:..# #.# #.......#
..##### #.......###
......# ####.........#
......# #...b.[{@..#.#
####..###.##..r....#.#
##........##.......#.#
##.#.÷######......##>#
##.#..##############.#
...............# #.#
......#........# #.#
#..#..#......ß.## #.#
##.#........_...####.###


You could see a friendly bat (summoned) and a friendly rat (summoned).

Vanquished Creatures
  3 dart slugs
  A ribbon worm (D:2)
  3 endoplasms
  2 giant cockroaches
  3 goblins (D:1)
  3 hobgoblins (D:1)
  2 kobolds
  3 ball pythons
  2 bats (D:1)
  2 frilled lizards (D:1)
  5 rats
29 creatures vanquished.

Notes
Turn   | Place    | Note
-------+----------+-------------------------------------------
     0 | D:1      | cforsyth the Djinni Warper began the quest for the Orb.
     0 | D:1      | cforsyth set off with the following spells memorised:
                  | Blink, Lesser Beckoning, Teleport Other, Manifold Assault,
                  | Vhi's Electric Charge.
     0 | D:1      | Reached XP level 1. HP: 18/18 MP: 0/0
   182 | D:1      | Reached XP level 2. HP: 16/23 MP: 0/0
   492 | D:1      | Reached XP level 3. HP: 29/29 MP: 0/0
   492 | D:1      | Learned a level 1 spell: Summon Small Mammal
   688 | D:2      | Found a faded altar of an unknown god.
   721 | D:2      | Prayed at the altar of an unknown god.
   721 | D:2      | Became a worshipper of Cheibriados the Contemplative
   721 | D:2      | Reached * piety under Cheibriados
   781 | D:2      | Identified the +0 ring mail "Ahaiterett" {+Blink rElec}
  1023 | D:2      | Noticed Sigmund
  1099 | D:2      | Mangled by Sigmund

Illustrated notes

Levels and vault maps discovered:
D:1:      dpeg_arrival_oval, layout_basic, minmay_tetromino_t4
D:2:      layout_loops_cross, dreamdust_ecumenical_altar_statues, uniq_sigmund

Skill      XL: |  1  2  3 |
---------------+----------+-----
Spellcasting   | 3 |  3.4
Conjurations   | 3 |  3.4
Hexes          | 3 |  3.4
Summonings     | 3 |  3.4
Necromancy     | 3 |  3.4
Translocations | 3 |  3.4
Fire Magic     | 3 |  3.4
Ice Magic      | 3 |  3.4
Air Magic      | 3 |  3.4
Earth Magic    | 3 |  3.4
Alchemy        | 3 |  3.4
Fighting       | 3 |  3.0
Long Blades    | |  1.7
Throwing       | |  0.7
Armour         | |  1.0
Dodging        | |  2.1

Action                     || total
---------------------------++-------
  Melee: Falchion          ||    97
         Punch             ||     1
  Throw: Dart              ||     4
   Cast: Summon Small Mamm ||    11
 Armour: Leather armour    ||    63
  Dodge: Dodged            ||    58

Table legend: (Time is in decaauts)
 A = Elapsed time spent in this place.
 B = Non-inter-level travel time spent in this place.
 C = Inter-level travel time spent in this place.
 D = Time resting spent in this place.
 E = Time spent auto-exploring this place.
 F = Levels seen in this place.
 G = Mean time per level.
                   A        B        C        D        E       F      G
               +--------+--------+--------+--------+--------+-----+--------+
         Total |   1213 |   1207 |      6 |      0 |    865 |   2 |  606.5 |
       Dungeon |   1213 |   1207 |      6 |      0 |    865 |   2 |  606.5 |
               +--------+--------+--------+--------+--------+-----+--------+

Top non-repeatable levels by time:
     D:1: 690 daAuts
     D:2: 522 daAuts
